 Dungeon Crawl Stone Soup version 0.25-a0-992-gca09010 (webtiles) character file.

Game seed: 8516208232409492517, levelgen mode: deterministic

2975 Illumine the Cleaver (level 9, -3/80 HPs)
             Began as a Minotaur Fighter on May 10, 2020.
             Was a Priest of Cheibriados.
             Slain by a troll (5 damage)
             ... on level 9 of the Dungeon.
             The game lasted 00:06:58 (7840 turns).

Illumine the Cleaver (Minotaur Fighter)             Turns: 7840, Time: 00:06:59

Health: -3/80      AC: 10    Str: 30    XL:     9   Next: 53%
Magic:  10/10      EV:  7    Int: 12    God:    Cheibriados [***...]
Gold:   383        SH: 12    Dex: 18    Spells: 8/8 levels left

rFire    . . .     SeeInvis .   B - +2 war axe
rCold    . . .     Gourm    .   c - +0 kite shield
rNeg     . . .     Faith    .   g - +0 chain mail
rPois    .         Spirit   .   (helmet restricted)
rElec    .         Reflect  .   (no cloak)
rCorr    +         Harm     .   (no gloves)
MR       .....                  (no boots)
Stlth    ..........             (no amulet)
HPRegen  0.23/turn              C - ring of resist corrosion
MPRegen  0.12/turn              (no ring)

@: very slow
A: retaliatory headbutt, horns 2
a: Bend Time, Temporal Distortion, Renounce Religion


You were on level 9 of the Dungeon.
You worshipped Cheibriados.
Cheibriados was most pleased with you.
You were not hungry.

You visited 2 branches of the dungeon, and saw 10 of its levels.

You collected 438 gold pieces.
You spent 55 gold pieces at shops.

Inventory:

Hand Weapons
 o - a +0 hunting sling
 s - a +4 flail of holy wrath
 B - a +2 war axe (weapon)
Missiles
 p - 244 stones (quivered)
 y - a throwing net
 D - 3 boomerangs
Armour
 c - a +0 kite shield (worn)
 g - a +0 chain mail (worn)
Jewellery
 x - a cursed -3 ring of protection {unknown}
 C - a ring of resist corrosion (left hand)
Wands
 m - a wand of flame (9)
 r - a wand of digging (6)
 v - a wand of paralysis (8)
Scrolls
 a - a scroll of random uselessness {unknown}
 b - 4 scrolls of enchant weapon {unknown}
 e - 5 scrolls of remove curse {unknown}
 h - 3 scrolls of fog {unknown}
 i - 8 scrolls of identify {unknown}
 k - 2 scrolls of enchant armour {unknown}
 n - a scroll of immolation {unknown}
 q - 6 scrolls of teleportation {unknown}
 w - 3 scrolls of blinking {unknown}
 A - a scroll of holy word {unknown}
Potions
 d - 2 potions of might
 j - 2 potions of flight {unknown}
 l - 5 potions of curing {unknown}
 t - a potion of brilliance {unknown}
 u - a potion of haste {unknown}
 z - 2 potions of heal wounds
 E - a potion of stabbing {unknown}
Comestibles
 f - 6 rations
 F - 3 chunks of flesh


   Skills:
 + Level 7.7 Fighting
 * Level 9.9 Axes
 + Level 7.6 Armour
 + Level 7.6 Shields
 + Level 3.9 Invocations


You had 8 spell levels left.
You didn't know any spells.
Your spell library contained the following spells:

 Spells                   Type           Power        Failure   Level  Hunger
 Corona                   Hex            #......      98%         1    ##.....
 Ensorcelled Hibernation  Hex/Ice        #.....       99%         2    ###....
 Confusing Touch          Hex            #.......     100%        3    ####...
 Dazzling Flash           Conj/Hex       #.....       100%        3    ####...
 Tukima's Dance           Hex            #.......     100%        3    ####...


Dungeon Overview and Level Annotations

Branches:
Dungeon (9/15)             Temple (1/1) D:4
   Lair: D:8-11         Orc: D:9-12

Altars:
Ashenzari
Cheibriados
Dithmenos
Elyvilon
Fedhas
Hepliaklqana
Kikubaaqudgha
Nemelex Xobeh
Okawaru
Qazlal
Ru
Sif Muna
Trog
Uskayaw
Vehumet
Wu Jian
Xom
Yredelemnul
Zin
The Shining One

Shops:
D:4 *   D:5 %   D:6 !   D:7 [   D:8 !

Annotations:
D:3 1 runed translucent door, Crazy Yiuf


Innate Abilities, Weirdness & Mutations

You reflexively headbutt those who attack you in melee.
You have a pair of horns on your head.


Message History

You kill the orc priest!
Cheibriados appreciates the change of pace.
You slash the plant! You hit the fungus. You closely miss the troll.
You headbutt the troll.
The troll is lightly wounded.
You slash the fungus! You hit the plant but do no damage.
The troll barely misses you. You block the troll's attack. x2
You hit the troll. Your headbutt misses the troll.
The troll is lightly wounded.
You hit the plant. You hit the fungus. The troll bites you.
* * * LOW HITPOINT WARNING * * *
You block the troll's attack. x2
You hit the troll but do no damage.
The troll is lightly wounded.
You slash the fungus! You slash the plant! You block the troll's attack. x2
The troll claws you but does no damage.
You slash the troll! You headbutt the troll!
The troll is severely wounded.
You hit the fungus. You slash the plant! The troll bites you.
You die...

#.##..... #..P....P
#...P..PP ##.P......
###.....P. #...PP.P#
#....T..# #...@P..#
#...P...####. ######
#...)P..PPPP. ##....###
#.....P.....P .).รท....#
#....).P...P.
##......#####.......P.P..
#..._.................P.
##......####..........##
#......# #......#####


You could see a troll.

Vanquished Creatures
  A yak (D:9)
  A hungry ghost (D:8)
  An orc warrior (D:6)
  A porcupine (D:9)
  2 phantoms
  A black bear (D:7)
  2 ice beasts (D:7)
  2 ogres
  2 centaurs (D:7)
  3 bullfrogs
  2 scorpions
  3 wights (D:7)
  3 crimson imps (D:5)
  4 hounds
  8 orc priests
  11 orc wizards
  A bullfrog skeleton (D:8)
  3 iguanas
  8 worker ants
  3 gnolls (D:2)
  7 adders
  A shadow imp (D:8)
  An adder skeleton (D:5)
  2 worms
  2 dart slugs
  9 leopard geckos
  29 orcs
  2 ball pythons
  3 bats
  4 giant cockroaches
  6 goblins
  8 hobgoblins
  12 jackals
  8 quokkas
  2 frilled lizards
  A jackal skeleton (D:5)
  7 kobolds
  A quokka zombie (D:7)
  6 rats
  2 fungi (D:9)
175 creatures vanquished.

Vanquished Creatures (others)
  4 fungi (D:9)
4 creatures vanquished.

Grand Total: 179 creatures vanquished

Notes
Turn   | Place    | Note
-------+----------+-------------------------------------------
     0 | D:1      | Illumine the Minotaur Fighter began the quest for the Orb.
     0 | D:1      | Reached XP level 1. HP: 19/19 MP: 0/0
   122 | D:1      | Reached XP level 2. HP: 26/27 MP: 1/1
   183 | D:1      | Reached skill level 3 in Axes
   558 | D:2      | Reached XP level 3. HP: 33/33 MP: 2/2
  1111 | D:2      | Found an iron altar of Okawaru.
  1355 | D:3      | Reached XP level 4. HP: 40/40 MP: 3/3
  1505 | D:3      | Reached skill level 4 in Axes
  1829 | D:3      | Found a runed translucent door.
  1830 | D:3      | Noticed Crazy Yiuf
  1993 | D:3      | Reached XP level 5. HP: 47/47 MP: 4/4
  2326 | D:4      | Reached skill level 5 in Axes
  2336 | D:4      | Reached XP level 6. HP: 18/55 MP: 5/5
  2343 | D:4      | Reached skill level 5 in Armour
  2343 | D:4      | Reached skill level 5 in Shields
  2613 | D:4      | Reached skill level 5 in Fighting
  2827 | D:4      | Found Keujeuv's General Store.
  3155 | D:4      | Reached skill level 6 in Axes
  3159 | D:4      | Reached XP level 7. HP: 12/61 MP: 6/6
  3613 | D:4      | Found a staircase to the Ecumenical Temple.
  3727 | Temple   | Entered the Ecumenical Temple
  4002 | Temple   | Became a worshipper of Cheibriados the Contemplative
  4131 | D:5      | Entered Level 5 of the Dungeon
  4419 | D:5      | Found a shattered altar of Ashenzari.
  4714 | D:5      | Reached skill level 7 in Axes
  4866 | D:5      | Reached * piety under Cheibriados
  4957 | D:5      | Reached XP level 8. HP: 57/70 MP: 7/7
  4960 | D:5      | Reached skill level 1 in Invocations
  5041 | D:5      | Found Yneamn's Food Boutique.
  5062 | D:6      | Found a glowing golden altar of the Shining One.
  5674 | D:6      | Reached skill level 8 in Axes
  6004 | D:6      | Found Hasuo's Distillery.
  6017 | D:6      | Bought a potion of heal wounds for 55 gold pieces
  6201 | D:7      | Reached ** piety under Cheibriados
  6822 | D:7      | Reached skill level 9 in Axes
  6822 | D:7      | Reached XP level 9. HP: 75/79 MP: 10/10
  6843 | D:7      | Found a hazy altar of Hepliaklqana.
  7095 | D:7      | Found Suffesh's Antique Armour Emporium.
  7456 | D:8      | Found Hyst's Distillery.
  7701 | D:9      | Found an iron altar of Okawaru.
  7791 | D:9      | Reached *** piety under Cheibriados
  7831 | D:9      | Noticed a troll
  7838 | D:9      | HP: 1/80 [troll (5)]
  7840 | D:9      | Slain by a troll

Illustrated notes

Levels and vault maps discovered:
D:1:      dpeg_arrival_long_road, layout_rooms
D:2:      layout_loops_corners, lemuel_coloured_pillars_altar, first_ration
D:3:      layout_loops_cross, uniq_crazy_yiuf_cottage
D:4:      layout_loops_ring, minmay_temple_entry_enclosed_plants, serial_shops,
          nicolae_shop_stone
D:5:      layout_basic, serial_shops, nicolae_shop_trees,
          evilmike_ruin_ashenzari
D:6:      layout_gridville, serial_shops, shop_coins, tso_metal_star
D:7:      layout_basic, lemuel_round_altar, serial_shops,
          nicolae_shop_behind_doors
D:8:      minmay_angry_zag, layout_cave_pools, lemuel_round_altar, serial_bayou,
          serial_bayou_ford_a, serial_bayou_pond_d, serial_bayou_shore_a,
          serial_bayou_lagoon_b, serial_shops, shop
D:9:      layout_roguey, overflow_temple_1_default,
          grunt_lair_entry_orc_guard_hut, david_orc_3, basic_altar,
          serial_shops, nicolae_shop_trees, serial_curves, eino_curves_03,
          eino_curves_03, uniq_grum, uniq_harold, uniq_maggie
Temple:   dpeg_five_rooms_temple

Skill      XL: |  1  2  3  4  5  6  7  8 |
---------------+-------------------------+-----
Axes           | 3 4 5 6 7 9 |  9.9
Shields        | 4 5 6 7 |  7.6
Fighting       | 4 5 6 7 |  7.7
Armour         | 4 5 6 7 |  7.6
Invocations    | 3 |  3.9

Action                   |  1- 3 |  4- 6 |  7- 9 || total
-------------------------+-------+-------+-------++-------
Melee: War axe           |    62 |   141 |   236 ||   439
       Headbutt          |    10 |    27 |    58 ||    95
  Eat: Ration            |     1 |       |     1 ||     2
       Chunk             |       |     4 |     9 ||    13
Armor: Scale mail        |    19 |       |       ||    19
       Chain mail        |     6 |    71 |   120 ||   197
Dodge: Dodged            |    20 |    24 |    53 ||    97
Block: Kite shield       |    25 |    67 |   134 ||   226

Table legend:
 A = Non-vault XP
 B = Vault XP
 C = Vault XP percentage of total XP
 D = Non-vault monster count
 E = Vault monster count
 F = Vault count percentage of total count
                 A         B        C        D         E       F
            +---------+---------+-------+---------+---------+-------
      Total |    3704 |     546 |  12.8 |     167 |       6 |   3.5
            +---------+---------+-------+---------+---------+-------
        D:1 |      31 |       0 |   0.0 |      16 |       0 |   0.0
        D:2 |      65 |       0 |   0.0 |      17 |       0 |   0.0
        D:3 |     108 |       0 |   0.0 |      26 |       0 |   0.0
        D:4 |     602 |       0 |   0.0 |      35 |       0 |   0.0
        D:5 |     682 |       0 |   0.0 |      27 |       0 |   0.0
        D:6 |     469 |       0 |   0.0 |       9 |       0 |   0.0
        D:7 |    1118 |       0 |   0.0 |      18 |       0 |   0.0
        D:8 |     435 |       0 |   0.0 |       7 |       0 |   0.0
        D:9 |     194 |     546 |  73.8 |      12 |       6 |  33.3
            +---------+---------+-------+---------+---------+-------
